 Dungeon Crawl Stone Soup version 0.32-a0-576-g706899e69d (webtiles) character file.

Game seed: 5595344088590994758

97 ragingrage the Slasher (level 4, -2/38 HPs)
             Began as a Draconian Delver on Mar 1, 2024.
             Killed from afar by Natasha (9 damage)
             ... with a magic dart
             ... on level 3 of the Dungeon.
             The game lasted 00:01:53 (2018 turns).

ragingrage the Slasher (Draconian Delver)           Turns: 2018, Time: 00:01:54

Health: -2/38      AC:  6    Str: 14    XL:     4   Next: 42%
Magic:  4/4        EV: 12    Int: 11    God:
Gold:   282        SH:  0    Dex: 14    Spells: 1/3 levels left

rFire   + . .        a - +0 falchion
rCold   . . .        (no shield)
rNeg    . . .        (body armour unavailable)
rPois   .            (helmet restricted)
rElec   .            (no cloak)
rCorr   .            (no gloves)
SInv    +            t - +0 pair of boots
Will    .....        (no amulet)
Stlth   +++          o - ring of see invisible
HPRegen 0.26/turn    r - ring of protection from fire
MPRegen 0.09/turn

%: no passive effects
@: no status effects
A: AC +5, unfitting armour, cold-blooded
a: no special abilities


You were on level 3 of the Dungeon.
You visited 1 branch of the dungeon, and saw 5 of its levels.

You collected 282 gold pieces.

Inventory:

Hand Weapons
 a - a +0 falchion (weapon)
 m - a +0 dagger
Missiles
 j - an atropa-tipped dart (quivered)
 p - 3 poisoned darts
 u - 2 throwing nets
Armour
 t - a +0 pair of boots (worn)
Jewellery
 o - a ring of see invisible (left hand)
 r - a ring of protection from fire (right hand)
 s - a ring of poison resistance
Wands
 f - a wand of digging (3)
Scrolls
 b - a scroll of fog
 c - a scroll of revelation
 d - a scroll of fear
 g - a scroll of vulnerability {unknown}
 h - a scroll of poison {unknown}
 k - a scroll of teleportation {unknown}
 l - 2 scrolls of identify {unknown}
 v - a scroll of enchant armour {unknown}
Potions
 e - a potion of haste
 i - a potion of mutation {unknown}
 n - a potion of brilliance {unknown}
 q - 2 potions of heal wounds {unknown}


   Skills:
 - Level 3.2 Fighting
 + Level 4.7 Long Blades
 - Level 1.7 Dodging
 - Level 4.5 Stealth


You had one spell level left.
You knew the following spells:

 Your Spells              Type           Power      Damage    Failure   Level
a - Blink                 Tloc           0%         N/A       47%         2

Your spell library contained the following spells:

 Spells                   Type           Power      Damage    Failure   Level
 Magic Dart               Conj           0%         1d3       34%         1
 Call Imp                 Summ           0%         N/A       47%         2
 Gell's Gravitas          Tloc           0%         N/A       71%         3
 Teleport Other           Tloc           0%         N/A       71%         3
 Dispersal                Tloc           0%         N/A       100%        6


Dungeon Overview and Level Annotations

Branches:
Dungeon (5/15)
 Temple: D:4-7

Altars:

Shops:
D:2 !

Portals:
Sewer: D:5

Annotations:
D:3 exclusion: ogre, Natasha
D:4 1 transporter


Innate Abilities, Weirdness & Mutations

Your plain brown scales are hard. (AC +5)
You cannot fit into any form of body armour.
You are cold-blooded and may be slowed by cold attacks.


Message History

Natasha seems less confused.
Natasha is no longer blind.
Natasha mumbles some strange words.
Natasha mumbles some strange words.
The cerulean imp hits you with a +2 spear.
Natasha barely misses you.
The cerulean imp hits you from afar with a +2 spear.
Throw: 3 darts (atropa)
Press: ? - help, Q - select action, (/) - cycle Shift-Dir - straight line, f/p - Natasha
Aim: Natasha (47% to hit, chance to blind on hit: 83%)
You throw an atropa-tipped dart.
The atropa-tipped dart closely misses Natasha.
The atropa-tipped dart hits the cerulean imp.
The cerulean imp resists.
The cerulean imp hits you from afar with a +0 spear.
Natasha claws you.
The cerulean imp hits you from afar with a +2 spear.
Throw: 2 darts (atropa)
Press: ? - help, Q - select action, (/) - cycle Shift-Dir - straight line, f/p - Natasha
Aim: Natasha (47% to hit, chance to blind on hit: 86%)
You throw an atropa-tipped dart.
The atropa-tipped dart closely misses Natasha.
The atropa-tipped dart closely misses the cerulean imp.
The cerulean imp hits you but does no damage.
Natasha claws you.
The cerulean imp hits you but does no damage.
You barely miss Natasha.
Your tail-slap misses Natasha.
The cerulean imp hits you from afar with a +0 spear.
Natasha claws you!
* * * LOW HITPOINT WARNING * * *
The cerulean imp barely misses you.
You hit Natasha. The cerulean imp barely misses you.
Natasha claws you but does no damage. The cerulean imp barely misses you.
You hit Natasha.
The cerulean imp hits you from afar with a +0 spear.
* * * LOW HITPOINT WARNING * * *
Natasha casts a spell at you. The magic dart hits you!
You die...
Natasha begins licking her fur clean.

######### #.<.....#
#.......# #.......# ..
#.......# ###...
#.......# ###......
#.......#######...#
#....5.@......#.###
#.....h.#(......# .
#....5÷.#....†#########.
#...(.........(....>....
#####.........[........#
#.......##..###.....
#............. ...
###..########.. #.
#.........##.####.


You could see Natasha and 2 cerulean imps.

Vanquished Creatures
  Natasha (twice) (D:3)
  An adder (D:4)
  A dart slug (D:1)
  5 ball pythons
  4 endoplasms
  3 giant cockroaches
  4 goblins
  4 hobgoblins
  2 jackals (D:1)
  A bat (D:1)
  4 frilled lizards
  3 kobolds
  2 rats
36 creatures vanquished.

Notes
Turn   | Place    | Note
-------+----------+-------------------------------------------
     0 | D:5      | ragingrage the Draconian Delver began the quest for the
                  | Orb.
     0 | D:5      | Reached XP level 1. HP: 19/19 MP: 1/1
    82 | D:4      | Reached XP level 2. HP: 15/26 MP: 2/2
   183 | D:4      | Found a transporter.
   186 | D:4      | Noticed a howler monkey
   199 | D:5      | Found a glowing drain.
   399 | D:3      | Noticed an ogre
   517 | D:2      | Found Wienedib's Distillery.
   664 | D:1      | Reached XP level 3. HP: 28/31 MP: 3/3
   840 | D:1      | Learned a level 2 spell: Blink
   854 | D:1      | Found a faded altar of an unknown god.
  1696 | D:3      | Noticed Natasha
  1792 | D:3      | Killed Natasha
  1792 | D:3      | Noticed Natasha
  1793 | D:3      | Reached XP level 4. HP: 32/38 MP: 4/4
  1809 | D:3      | Killed Natasha
  1838 | D:3      | Noticed Natasha
  2018 | D:3      | Killed from afar by Natasha

Illustrated notes

Levels and vault maps discovered:
D:1:      spicycebolla_arrival_ecumenical, layout_rooms, minivault_14,
          minmay_gold_behind_fungi, minmay_misc_feat_plants, st_stairs_5,
          kennysheep_decorative_pillar
D:2:      layout_basic, serial_shops, nicolae_shop_industrial_runoff
D:3:      layout_rooms, mainiacjoe_overflow_paths, mainiacjoe_overflow_24_doors,
          uniq_natasha
D:4:      layout_basic, gammafunk_temple_overflow_arena
D:5:      layout_basic, portal_sewer_entry_a, nicolae_houndstooth_variations,
          uniq_eustachio

Skill      XL: |  1  2  3 |
---------------+----------+-----
Long Blades    | 3 4 |  4.7
Fighting       | |  3.2
Dodging        | |  1.7
Stealth        | |  4.5

Action                     |  1- 3 |  4- 6 || total
---------------------------+-------+-------++-------
  Melee: Falchion          |   119 |    15 ||   134
         Tailslap          |    17 |     3 ||    20
  Throw: Dart              |       |     3 ||     3
   Stab: Sleeping          |     3 |       ||     3
 Armour: Skin              |    62 |    24 ||    86
  Dodge: Dodged            |    95 |    13 ||   108

Table legend: (Time is in decaauts)
 A = Elapsed time spent in this place.
 B = Non-inter-level travel time spent in this place.
 C = Inter-level travel time spent in this place.
 D = Time resting spent in this place.
 E = Time spent auto-exploring this place.
 F = Levels seen in this place.
 G = Mean time per level.
                   A        B        C        D        E       F      G
               +--------+--------+--------+--------+--------+-----+--------+
         Total |   2050 |   1906 |    144 |    258 |   1209 |   5 |  410.0 |
       Dungeon |   2050 |   1906 |    144 |    258 |   1209 |   5 |  410.0 |
               +--------+--------+--------+--------+--------+-----+--------+

Top non-repeatable levels by time:
     D:2: 831 daAuts
     D:1: 621 daAuts
     D:4: 366 daAuts
     D:3: 207 daAuts
     D:5: 23 daAuts
